 Dungeon Crawl Stone Soup version 0.28-a0-834-g1a73be5ee4 (webtiles) character file.

Game seed: 3916029858755180650

8 Essalna the Firebug (level 2, 19/19 HPs)
             Began as a Demonspawn Fire Elementalist on Nov 11, 2021.
             Got out of the dungeon alive.
             The game lasted 00:00:45 (444 turns).

Essalna the Firebug (Demonspawn Fire Elementalist)   Turns: 444, Time: 00:00:46

Health: 19/19      AC:  2    Str:  8    XL:     2   Next: 0%
Magic:  4/5        EV: 12    Int: 16    God:
Gold:   5          SH:  0    Dex: 13    Spells: 4/5 levels left

rFire   . . .      SeeInvis .   d - +0 dagger
rCold   . . .      Faith    .   (no shield)
rNeg    . . .      Spirit   .   a - +0 robe
rPois   .          Reflect  .   (no helmet)
rElec   .          Harm     .   (no cloak)
rCorr   .          Rampage  .   (no gloves)
Will    .....                   (no boots)
Stlth   ++........              (no amulet)
HPRegen 0.06/turn               (no ring)
MPRegen 0.09/turn               (no ring)

@: no status effects
A: claws 1
a: no special abilities


You escaped.
You visited 1 branch of the dungeon, and saw 1 of its levels.

You collected 5 gold pieces.

Inventory:

Hand Weapons
 d - a +0 dagger (weapon)
Armour
 a - a +0 robe (worn)
Jewellery
 b - a ring of protection from fire
Scrolls
 c - a scroll of magic mapping {unknown}


   Skills:
 - Level 1.7 Dodging
 - Level 1.7 Stealth
 + Level 2.2 Spellcasting
 + Level 1.3 Conjurations
 + Level 2.9 Fire Magic


You had 4 spell levels left.
You knew the following spells:

 Your Spells              Type           Power      Damage    Failure   Level
a - Foxfire               Conj/Fire      32%        2x1d5     9%          1

Your spell library contained the following spells:

 Spells                   Type           Power      Damage    Failure   Level
 Scorch                   Fire           22%        2d6       10%         2
 Conjure Flame            Conj/Fire      8%         6-21      26%         3
 Inner Flame              Hex/Fire       6%         N/A       32%         3
 Flame Wave               Conj/Fire      8%         3d4       63%         4


Dungeon Overview and Level Annotations

Branches:
Dungeon (1/15)

Altars:


Innate Abilities, Weirdness & Mutations

You have sharp fingernails.


Message History

You now have 2 gold pieces.
You see here a hobgoblin corpse.
You now have 5 gold pieces (gained 3).
A bat comes into view.
A bat is nearby!
A goblin comes into view. It is wielding a +0 club.
Found 16 arrows.
The bat hits you but does no damage.
You conjure some foxfire!
The bat hits you but does no damage.
You conjure some foxfire!
The goblin shouts!
The foxfire hits the bat but does no damage.
The foxfire hits the goblin.
The goblin is heavily wounded.
The foxfire hits the bat but does no damage.
The bat closely misses you.
You conjure some foxfire!
The foxfire hits the bat.
You kill the bat!
The goblin hits you with a +0 club.
You are too depleted to draw on your mana recklessly!
You are too depleted to draw on your mana recklessly!
You are too depleted to draw on your mana recklessly!
You hit the goblin.
The goblin is severely wounded.
The foxfire hits the goblin.
You kill the goblin!
You have reached level 2!
Your demonic ancestry asserts itself...
Your fingernails lengthen.
Unknown command.
Things that are here:
a +0 club; a goblin corpse Your foxfire dissipates!
There is an open gate here.
There is an open door here.
There is an open door here.
There is a staircase leading out of the dungeon here.
Are you sure you want to leave the Dungeon?
This will make you lose the game!
Alright, then stay!
Are you sure you want to leave the Dungeon?
This will make you lose the game!
You have escaped!

......##
#.........#.......
.....##
#.........#######
####..# #.......#
##.##### ####### ###
#.##..## #≈.≈# #..##
#.#....## ##'## #....#
#.#....####...####^...#
#.'#...#8#.....#.#....#
#.'....'.'..@..'.#....#
#.'#...#8#..>..#.#...##
###....####...####..#.#
#....## ##'## #....#
##..## #≈.≈# #..## ####
####### ### #.......#
#.........# #.........#


There were no monsters in sight!

Vanquished Creatures
  A goblin (D:1)
  A hobgoblin (D:1)
  A quokka (D:1)
  A bat (D:1)
  2 frilled lizards (D:1)
  A kobold (D:1)
  2 rats (D:1)
9 creatures vanquished.

Vanquished Creatures (others)
  17 foxfires (D:1)
17 creatures vanquished.

Grand Total: 26 creatures vanquished

Notes
Turn   | Place    | Note
-------+----------+-------------------------------------------
     0 | D:1      | Essalna the Demonspawn Fire Elementalist began the quest
                  | for the Orb.
     0 | D:1      | Reached XP level 1. HP: 13/13 MP: 3/3
   403 | D:1      | Gained mutation: You have sharp fingernails. [demonic
                  | ancestry]
   403 | D:1      | Reached XP level 2. HP: 17/19 MP: 0/5
   444 | D:$      | Got out of the dungeon alive.

Illustrated notes

Levels and vault maps discovered:
D:1:      shiori_arrival_elements, layout_basic,
          shapermc_ecumenical_altar_hornbeckon

Action                   || total
-------------------------++-------
Melee: Unarmed           ||     9
       Dagger            ||     1
 Cast: Foxfire           ||    10
Armor: Robe              ||     3
Dodge: Dodged            ||     8

Table legend: (Time is in decaauts)
 A = Elapsed time spent in this place.
 B = Non-inter-level travel time spent in this place.
 C = Inter-level travel time spent in this place.
 D = Time resting spent in this place.
 E = Time spent auto-exploring this place.
 F = Levels seen in this place.
 G = Mean time per level.
                   A        B        C        D        E       F      G
               +--------+--------+--------+--------+--------+-----+--------+
         Total |    443 |    403 |     40 |      0 |    359 |   1 |  443.0 |
       Dungeon |    443 |    403 |     40 |      0 |    359 |   1 |  443.0 |
               +--------+--------+--------+--------+--------+-----+--------+

Top non-repeatable levels by time:
     D:1: 443 daAuts
